 Dungeon Crawl Stone Soup version 0.27-a0-1342-ga99462a43c (webtiles) character file.

Game seed: 9697127271378588125

564 Delamore the Covert (level 7, -7/46 HPs)
             Began as an Octopode Brigand on June 27, 2021.
             Was an Initiate of Gozag.
             Mangled by an orc (22 damage)
             ... on level 5 of the Dungeon.
             The game lasted 00:05:28 (6288 turns).

Delamore the Covert (Octopode Brigand)              Turns: 6288, Time: 00:05:29

Health: -7/46      AC:  1    Str: 11    XL:     7   Next: 32%
Magic:  7/7        EV: 12    Int: 13    God:    Gozag
Gold:   291        SH:  0    Dex: 15    Spells: 6/6 levels left

rFire    . . .     SeeInvis .   a - +2 dagger
rCold    . . .     Faith    .   (no shield)
rNeg     . . .     Spirit   .   (helmet restricted)
rPois    .         Reflect  .   (no amulet)
rElec    .         Harm     .   (no ring)
rCorr    .         Rampage  .   (no ring)
Will     .....                  (no ring)
Stlth    +++++.....             (no ring)
HPRegen  0.15/turn              (no ring)
MPRegen  0.10/turn              (no ring)
                                (no ring)
                                (no ring)

@: gold aura
A: almost no armour, amphibious, 8 rings, camouflage 1, gelatinous body 1,
(nimble swimmer 1), tentacles
a: Renounce Religion, Potion Petition, Call Merchant, Bribe Branch


You were on level 5 of the Dungeon.
You worshipped Gozag.
Gozag was aware of your devotion.
You visited 1 branch of the dungeon, and saw 5 of its levels.

You collected 428 gold pieces.
You spent 66 gold pieces at shops.
You paid 71 gold pieces to Gozag.

Inventory:

Hand Weapons
 a - a +2 dagger (weapon)
Missiles
 b - 14 poisoned darts (quivered)
 c - 10 curare-tipped darts
 f - 2 throwing nets
Wands
 g - a wand of charming (9)
 j - a wand of acid (8)
Scrolls
 e - a scroll of fog
 k - 3 scrolls of identify
 m - a scroll of fear
Potions
 d - a potion of degeneration
 h - a potion of attraction
 i - a potion of lignification


   Skills:
 + Level 3.2 Fighting
 + Level 4.3 Short Blades
 - Level 2.0 Throwing
 - Level 1.0 Dodging
 - Level 10.0 Stealth
 + Level 0.4 Evocations


You had 6 spell levels left.
You didn't know any spells.
Your spell library contained the following spells:

 Spells                   Type           Power      Damage    Failure   Level
 Apportation              Tloc           0%         N/A       30%         1
 Corona                   Hex            0%         N/A       30%         1
 Ensorcelled Hibernation  Hex/Ice        0%         N/A       43%         2
 Confusing Touch          Hex            0%         N/A       67%         3
 Dazzling Flash           Conj/Hex       0%         N/A       67%         3
 Tukima's Dance           Hex            0%         N/A       67%         3
 Summon Mana Viper        Hex/Summ       0%         N/A       100%        5
 Invisibility             Hex            0%         N/A       100%        6
 Discord                  Hex            0%         N/A       100%        8


Dungeon Overview and Level Annotations

Branches:
Dungeon (5/15)
 Temple: D:4-7

Altars:
Gozag
Okawaru
Qazlal

Shops:
D:3 (

Annotations:
D:4 1 runed translucent door, WhatIsLove's ghost, amateur HOMo


Innate Abilities, Weirdness & Mutations

You cannot wear most types of armour.
You are amphibious.
You can wear up to eight rings at the same time.
Your skin changes colour to match your surroundings (Stealth+).
Your rubbery body absorbs attacks. (AC +1, EV +1)
((You are camouflaged near water. (Stealth+)))
You have tentacles for arms and can constrict up to eight enemies at once.


Message History

You constrict the orc.
You kill the orc!
The shadow imp is distracted by your dazzling golden aura.
Throw: 17 darts (poison)
Press: ? - help, Q - select action, (/) - cycle Shift-Dir - straight line, f - orc priest
Aim: an orc priest, wielding a +0 flail and wearing a +0 ring mail (64% to hit)
You throw a poisoned dart.
The poisoned dart barely misses the orc priest.
The poisoned dart hits the orc.
The orc is poisoned.
The shadow imp shouts, "Remove thy stench, thou vain dread-bolted zombie-fodder!"
The orc priest misses you.
You hit the orc priest. You grab the orc priest. You squeeze the orc priest!
The orc priest is severely wounded.
You constrict the orc priest, but do no damage.
The shadow imp is no longer distracted by gold.
The orc hits you from afar with a +1 trident of distortion.
Space bends around you.
The orc priest invokes the aid of Beogh against you.
Beogh smites you!
The shadow imp is distracted by your dazzling golden aura.
Throw: 16 darts (poison)
Press: ? - help, Q - select action, (/) - cycle Shift-Dir - straight line, f/p - orc priest
Aim: an orc priest, wielding a +0 flail and wearing a +0 ring mail (severely wounded, constricted by you, 93% to hit)
You throw a poisoned dart. The poisoned dart hits the orc priest.
The orc priest is poisoned.
The orc priest is severely wounded.
You constrict the orc priest. The orc misses you.
The orc priest barely misses you.
Throw: 15 darts (poison)
Press: ? - help, Q - select action, (/) - cycle Shift-Dir - straight line, f/p - orc priest
Aim: an orc priest, wielding a +0 flail and wearing a +0 ring mail (almost dead, constricted by you, poisoned, 93% to hit)
You throw a poisoned dart. The poisoned dart hits the orc priest.
The orc priest looks even sicker.
The orc priest is almost dead.
You constrict the orc priest.
You kill the orc priest!
The orc hits you from afar with a +1 trident of distortion!
Space warps horribly around you!!
You die...
Your body crumbles into a pile of gold.

#.# #....#.#.......
#.#########.#.#.........
#.#.........#<..#.......
#.#.#...........#.#.....
#.#.#.#<................
#.#.# ###########.##.###
#.#.# .#
##.#.########### #
#.......@$ooo.5.
##.############# #...
#### $


You could see a shadow imp and 3 orcs.

Vanquished Creatures
  A black bear (D:4)
  A phantom (D:4)
  2 hounds
  A gnoll shaman (D:4)
  4 orc priests
  An iguana (D:4)
  A howler monkey skeleton (D:4)
  3 gnolls
  5 adders
  2 worms (D:2)
  A dart slug (D:1)
  11 orcs
  5 ball pythons
  7 endoplasms
  2 giant cockroaches
  5 goblins
  5 hobgoblins
  13 jackals
  2 quokkas
  7 bats
  A frilled lizard (D:3)
  2 kobolds
  4 rats
86 creatures vanquished.

Vanquished Creatures (collateral kills)
  2 shadow imps (D:3)
2 creatures vanquished.

Vanquished Creatures (others)
  A gnoll (D:4)
1 creature vanquished.

Grand Total: 89 creatures vanquished

Notes
Turn   | Place    | Note
-------+----------+-------------------------------------------
     0 | D:1      | Delamore the Octopode Brigand began the quest for the Orb.
     0 | D:1      | Reached XP level 1. HP: 14/14 MP: 1/1
   170 | D:1      | Reached skill level 6 in Stealth
   170 | D:1      | Reached XP level 2. HP: 19/19 MP: 2/2
   581 | D:1      | Reached XP level 3. HP: 20/24 MP: 3/3
  1157 | D:2      | Reached skill level 7 in Stealth
  1201 | D:2      | Reached XP level 4. HP: 29/29 MP: 4/4
  2305 | D:3      | Reached skill level 8 in Stealth
  2503 | D:3      | Found a transporter.
  2520 | D:3      | Found Timn's Weapon Boutique.
  2524 | D:3      | Bought 2 throwing nets for 66 gold pieces
  2538 | D:3      | Found a transporter.
  2857 | D:3      | Found a stormy altar of Qazlal.
  2892 | D:3      | Reached XP level 5. HP: 34/34 MP: 5/5
  3610 | D:3      | Reached skill level 9 in Stealth
  4185 | D:4      | Found an opulent altar of Gozag.
  4228 | D:4      | Became a worshipper of Gozag Ym Sagoz the Greedy
  4295 | D:4      | Reached XP level 6. HP: 33/39 MP: 6/6
  4393 | D:4      | Found a runed translucent door.
  4535 | D:4      | Noticed WhatIsLove's ghost (amateur HOMo)
  4550 | D:4      | Noticed a black bear
  4570 | D:4      | Killed a black bear
  4651 | D:4      | Reached skill level 10 in Stealth
  4749 | D:4      | Identified the Collected Works on the Unstable Oath
  4884 | D:4      | Reached XP level 7. HP: 45/45 MP: 7/7
  4959 | D:4      | Found an iron altar of Okawaru.
  6024 | D:5      | Entered Level 5 of the Dungeon
  6288 | D:5      | Mangled by an orc

Illustrated notes

Levels and vault maps discovered:
D:1:      nzn_arrival_crosshair, layout_basic, serial_bayou_lagoon_a,
          minmay_misc_feat_columns
D:2:      layout_basic, feat_on_display
D:3:      gammafunk_wand_slinger, layout_basic,
          nicolae_qazlal_general_emergency, serial_shops, nicolae_shop_trees,
          grunt_ministairs_4
D:4:      layout_cave_pods, nicolae_gozag_cash_rules_everything_around_me,
          lemuel_tele_altar, hellmonk_ghost_happy_afterlife
D:5:      layout_basic, cheibrodos_ashenzari_chains, amcnicky_altar_gilded,
          gammafunk_ghost_arena

Skill      XL: |  1  2  3  4  5  6  7 |
---------------+----------------------+-----
Stealth        | 6 7 8 9 10 | 10.0
Short Blades   | 3 4 |  4.3
Fighting       | 3 |  3.2
Throwing       | |  2.0
Dodging        | |  1.0
Evocations     | |  0.4

Action                   |  1- 3 |  4- 6 |  7- 9 || total
-------------------------+-------+-------+-------++-------
Melee: Dagger            |    39 |   117 |    21 ||   177
       Constrict         |     7 |    25 |     7 ||    39
       Tentacles         |     6 |    20 |     6 ||    32
Throw: Dart              |       |     4 |    12 ||    16
Evoke: Wand              |       |     2 |     2 ||     4
  Use: Scroll            |     2 |     6 |     2 ||    10
 Stab: Sleeping          |    15 |    19 |     1 ||    35
Armor: Skin              |     1 |     3 |       ||     4
Dodge: Dodged            |    11 |    52 |    16 ||    79

Table legend: (Time is in decaauts)
 A = Elapsed time spent in this place.
 B = Non-inter-level travel time spent in this place.
 C = Inter-level travel time spent in this place.
 D = Time resting spent in this place.
 E = Time spent auto-exploring this place.
 F = Levels seen in this place.
 G = Mean time per level.
                   A        B        C        D        E       F      G
               +--------+--------+--------+--------+--------+-----+--------+
         Total |   6266 |   6047 |    219 |   1588 |   3794 |   5 | 1253.2 |
       Dungeon |   6266 |   6047 |    219 |   1588 |   3794 |   5 | 1253.2 |
               +--------+--------+--------+--------+--------+-----+--------+

Top non-repeatable levels by time:
     D:3: 2473 daAuts
     D:4: 1391 daAuts
     D:1: 1135 daAuts
     D:2: 1004 daAuts
     D:5: 261 daAuts
